 Dungeon Crawl Stone Soup version 0.28.0-53-g5a82cb258f (webtiles) character file.

Game seed: 11742887519652451551

84 safid the Skirmisher (level 4, -2/40 HPs)
             Began as a Hill Orc Fighter on July 31, 2022.
             Killed by nerve-wracking pain
             ... invoked by Jessica
              (3 damage)
             ... on level 2 of the Dungeon.
             The game lasted 00:02:55 (1894 turns).

safid the Skirmisher (Hill Orc Fighter)             Turns: 1894, Time: 00:02:55

Health: -2/40      AC:  7    Str: 20    XL:     4   Next: 45%
Magic:  4/4        EV:  9    Int:  8    God:
Gold:   90         SH:  4    Dex: 10    Spells: 3/3 levels left

rFire   . . .      SeeInvis .   a - +0 war axe
rCold   . . .      Faith    .   c - +0 buckler
rNeg    . . .      Spirit   .   b - +0 scale mail
rPois   .          Reflect  .   (no helmet)
rElec   .          Harm     .   (no cloak)
rCorr   .          Rampage  .   (no gloves)
Will    .....                   (no boots)
Stlth   ..........              (no amulet)
HPRegen 0.13/turn               (no ring)
MPRegen 0.09/turn               (no ring)

@: slowed, very slow
A: no striking features
a: no special abilities


You were on level 2 of the Dungeon.
You visited 1 branch of the dungeon, and saw 2 of its levels.

You collected 90 gold pieces.

Inventory:

Hand Weapons
 a - a +0 war axe (weapon)
Armour
 b - a +0 scale mail (worn)
 c - a +0 buckler (worn)
Jewellery
 g - a ring of fire
Scrolls
 e - a scroll of blinking {unknown}
 f - a scroll of acquirement {unknown}
 h - a scroll of enchant weapon {unknown}
Potions
 d - a potion of might
 i - 2 potions of heal wounds


   Skills:
 + Level 4.3 Fighting
 - Level 3.0 Axes
 + Level 4.2 Armour
 + Level 0.8 Dodging
 - Level 4.0 Shields


You had 3 spell levels left.
You didn't know any spells.
Your spell library was empty.

Dungeon Overview and Level Annotations

Branches:
Dungeon (2/15)

Altars:
Fedhas

Shops:
D:1 (

Annotations:
D:2 Jessica


Message History

You feel very sick. Jessica barely misses you.
You closely miss Jessica.
Jessica is moderately wounded.
You feel sick. You block Jessica's attack.
You hit Jessica but do no damage.
Jessica is moderately wounded.
You feel sick.
Jessica casts a spell.
Jessica blinks!
Jessica casts a spell.
Jessica seems to speed up.
You feel sick.
Things that are here:
a +0 dagger; 2 stones You feel sick.
You feel sick.
You feel sick.
You are no longer poisoned.
Jessica casts a spell at you. Pain shoots through your body!
You see here a sedimented white potion.
Jessica casts a spell at you. You resist with some effort.
Jessica barely misses you.
You closely miss Jessica.
Jessica is lightly wounded.
Jessica mumbles some strange words.
Jessica blinks!
Jessica casts a spell at you.
You feel yourself slow down. Jessica gestures at you while chanting.
Pain shoots through your body!
* * * LOW HITPOINT WARNING * * *
Jessica points at you and mumbles some strange words.
Pain shoots through your body!
* * * LOW HITPOINT WARNING * * *
Jessica gestures at you while chanting. Pain shoots through your body!
You die...

#.. ###.#.#.### #.. ...#...<.#
..## #.>.# #.#.#.#.##### ..#..
##...####.).........# .....
##...........#.#.###.# ....
...........!.....# #.#
..####....###@...#)### #.#
#.........# ##.#.#.# #.#
#.###...#.# #@#...# #.#
###.........# #.###.# #.#
....###..#######.###.# #.#
.#....#<.............# #.#
......)...######.##..# #.###
..............##.##..#####...#
..........###.##.##......###.#
##........# #.##.##..###.# #.#
#.###....###........###.###.#


You could see Jessica (fast).

Vanquished Creatures
  Terence (D:2)
  An adder (D:2)
  A dart slug (D:1)
  4 ball pythons
  6 bats (D:1)
  5 endoplasms (D:1)
  A giant cockroach (D:1)
  3 goblins (D:1)
  4 hobgoblins (D:1)
  4 jackals (D:1)
  3 kobolds
  4 quokkas (D:1)
  2 frilled lizards (D:1)
  A rat (D:1)
40 creatures vanquished.

Notes
Turn   | Place    | Note
-------+----------+-------------------------------------------
     0 | D:1      | safid the Hill Orc Fighter began the quest for the Orb.
     0 | D:1      | Reached XP level 1. HP: 19/19 MP: 1/1
    29 | D:1      | Found Archasaku's Weapon Shop.
    76 | D:1      | Reached XP level 2. HP: 14/27 MP: 2/2
   432 | D:1      | Reached XP level 3. HP: 21/32 MP: 3/3
  1100 | D:2      | Noticed Terence
  1309 | D:2      | Found a blossoming altar of Fedhas.
  1509 | D:2      | Killed Terence
  1510 | D:2      | Reached XP level 4. HP: 4/40 MP: 4/4
  1865 | D:2      | Noticed Jessica
  1891 | D:2      | HP: 2/40 [Jessica/nerve-wracking pain (12)]
  1894 | D:2      | Killed from afar by Jessica

Illustrated notes

Levels and vault maps discovered:
D:1:      grunt_arrival_lava_bath, layout_loops_ring, serial_shops, shop
D:2:      layout_loops_ring, basic_altar, uniq_jessica, uniq_terence

Skill      XL: |  1  2  3 |
---------------+----------+-----
Axes           | 3 |  3.0
Fighting       | 4 |  4.3
Shields        | 4 |  4.0
Armour         | 4 |  4.2
Dodging        | |  0.8

Action                   |  1- 3 |  4- 6 || total
-------------------------+-------+-------++-------
Melee: War axe           |   102 |    18 ||   120
       Unarmed           |     6 |       ||     6
Armor: Scale mail        |    52 |    11 ||    63
Dodge: Dodged            |    52 |    10 ||    62
Block: Buckler           |    27 |     3 ||    30
